Diables vs Influenza
(R1)
Created - 17 mai 2016 at 19:04
Goals
|
| Diables |
1 |
1 |
3 |
1 |
6 |
| Influenza |
2 |
1 |
2 |
0 |
5 |
|
Shots
|
| Diables |
9 |
14 |
9 |
1 |
33 |
| Influenza |
9 |
5 |
13 |
2 |
29 |
|
1st period
1. Influenza , Jamie Benn 3 (John Klingberg) at 13:53 (PP)
2. Diables , Damien Brunner 7 (Kellan Lain) at 17:45
3. Influenza , Ben Smith 1 (Jamie Benn) at 19:06 (SH)
Penalties :
Jamie Benn (VJB) for Hooking (Minor) at 3:08, Brian Salcido (VJB) for Kneeing (Minor) at 7:16, Craig Smith (Alm) for Roughing (Minor) at 12:43, Zac Dalpe (VJB) for Holding (Minor) at 18:36, Tyler Cuma (Alm) for Roughing (Double Minor) at 19:53
2nd period
4. Diables , Brandon Prust 4 (Tyler Bozak, Brad Richardson) at 7:09 (PP)
5. Influenza , Jeremy Morin 5 (Jamie Benn, Zac Dalpe) at 15:16
Penalties :
Robbie Earl (VJB) for Holding Stick (Minor) at 6:23, Carl Gunnarsson (VJB) for Hooking (Minor) at 8:23, Kellan Lain (Alm) for Roughing (Minor) at 9:15, Robbie Earl (VJB) for Roughing (Minor) at 16:35, Ryan Russell (VJB) for Hooking (Minor) at 18:12
3rd period
6. Influenza , Jamie Benn 4 (Zac Dalpe) at 10:51
7. Diables , Tyler Bozak 4 (Brad Richardson, Brandon Prust) at 11:54
8. Diables , Damien Brunner 8 (Jamie Arniel) at 15:15
9. Influenza , Ryan Russell 2 (Oskars Bartulis, Colin McDonald) at 16:48
10. Diables , Jamie Arniel 2 (Damien Brunner, Matt Jones) at 18:47
Penalties :
Jamie Benn (VJB) for Boarding (Double Minor) at 2:33, Tyler Bozak (Alm) for Cross-checking (Minor) at 12:17
Overtime #1
11. Diables , Tyler Bozak 5 (Damien Brunner, Dustin Kohn) at 2:50
Penalties :
No Penalty
Goalie Stats
Frederik Andersen (Alm), 24 saves from 29 shots - (0,828), W, 5-1-2, 62:48 minutes
Thomas McCollum (VJB), 27 saves from 33 shots - (0,818), OTL, 1-1-1, 62:50 minutes
Players Stats for Diables
Player Name G A P +/- PIM S H SB GA TA FO MP PP MP PK MP
------------------------------------------------------------------------------------
Brad Richardson 0 2 2 2 0 6 3 0 0 1 9/11 23:53 7:13 3:19
Brandon Prust 1 1 2 2 0 4 2 2 2 1 1/1 23:34 7:08 3:05
Craig Smith 0 0 0 -1 2 0 1 0 1 0 4/6 12:07 1:49 0:54
Damien Brunner 2 2 4 0 0 5 2 1 0 0 1/2 19:06 5:31 2:03
Dustin Kohn 0 1 1 1 0 1 0 0 1 0 0/0 10:48 0:37 1:31
Jamie Arniel 1 1 2 0 0 2 1 0 0 0 3/7 16:40 5:31 0:00
Jared Cowen 0 0 0 -1 0 1 1 2 0 0 0/0 30:16 7:21 3:33
Kellan Lain 0 1 1 -1 2 1 2 1 0 0 1/1 19:13 5:30 2:20
Lukas Krajicek 0 0 0 -1 0 0 2 0 1 2 0/0 30:15 7:21 3:17
Matt Jones 0 1 1 1 0 0 0 3 1 1 0/0 22:27 6:30 3:25
Pierre-Cédric Labrie 0 0 0 -1 0 0 2 0 1 0 0/0 10:46 0:00 1:59
Riley Sheahan 0 0 0 0 0 1 0 0 0 0 0/1 6:57 0:00 0:00
Steve Quailer 0 0 0 0 0 3 0 1 0 0 0/0 11:10 1:49 0:02
Taylor Beck 0 0 0 0 0 0 1 0 0 0 0/0 7:51 0:00 0:54
Tomas Kubalik 0 0 0 0 0 1 1 0 0 0 0/0 8:41 1:43 0:00
Tyler Bozak 2 1 3 2 2 4 3 0 1 1 14/32 19:18 7:09 0:00
Tyler Cuma 0 0 0 1 4 4 1 3 0 0 0/0 21:01 6:29 1:41
Tyson Barrie 0 0 0 1 0 0 0 0 0 0 0/0 10:56 0:37 1:09
Players Stats for Influenza
Player Name G A P +/- PIM S H SB GA TA FO MP PP MP PK MP
------------------------------------------------------------------------------------
Andreas Engqvist 0 0 0 -1 0 0 1 0 0 0 4/7 9:50 0:00 0:00
Ben Smith 1 0 1 -1 0 2 1 0 1 0 0/0 18:48 3:23 3:59
Brian Salcido 0 0 0 -2 2 1 0 3 0 0 0/0 11:33 1:18 0:36
Carl Gunnarsson 0 0 0 0 2 1 1 2 0 0 0/0 21:30 3:03 4:31
Charlie Coyle 0 0 0 1 0 0 0 0 0 0 2/4 9:02 0:11 1:55
Colin McDonald 0 1 1 1 0 1 0 0 0 0 0/0 7:39 0:21 0:00
Corey Tropp 0 0 0 -1 0 1 2 1 1 0 0/0 13:58 0:00 4:01
Jamie Benn 2 2 4 1 6 3 2 1 0 0 0/0 17:28 3:32 2:56
Jeremy Morin 1 0 1 0 0 2 0 0 0 1 0/0 13:45 3:23 0:00
John Klingberg 0 1 1 0 0 1 0 0 0 0 0/0 22:49 3:14 5:23
Mathieu Carle 0 0 0 1 0 3 4 2 0 1 0/0 29:44 3:42 8:29
Noah Welch 0 0 0 1 0 2 1 0 2 2 0/0 29:30 3:28 8:29
Oskars Bartulis 0 1 1 -2 0 0 2 0 0 0 0/0 10:47 0:00 1:28
Robbie Earl 0 0 0 -2 4 1 1 2 2 1 2/2 21:49 2:52 6:17
Ryan Carter 0 0 0 -2 0 1 3 0 0 1 16/39 23:52 2:50 7:56
Ryan Russell 1 0 1 1 2 4 1 0 0 0 0/0 10:12 0:51 1:29
T.J Galiardi 0 0 0 -1 0 5 2 2 0 2 1/1 11:23 0:59 0:00
Zac Dalpe 0 2 2 0 2 1 1 0 0 0 3/8 13:44 3:23 0:00
3 Stars
1 - Damien Brunner (Alm)
2 - Tyler Bozak (Alm)
3 - Brandon Prust (Alm)
Power Play
Diables - 1 on 9 Attempt(s) - 11,11%
Influenza - 1 on 5 Attempt(s) - 20,00%
Penalty Kill
Diables - 4 on 5 Attempt(s) - 80,00%
- Score 0 goal in Penalty Kill
Influenza - 8 on 9 Attempt(s) - 88,89%
- Score 1 goal in Penalty Kill
Team Stat
Diables - Hits : 22 - Faceoff Wins : 33 - Blocked Shots : 13 - Penalty Minutes : 10
Influenza - Hits : 22 - Faceoff Wins : 28 - Blocked Shots : 13 - Penalty Minutes : 18
Official
Referees : StPierre Justin and Walsh Ian
Linesman : Brad Lazarowich and Mark Wheler
Game Notes
11:52 of 1st period - Influenza goal is going for a video replay. After video review, No Goal. The puck has been kicked using a distinct kicking motion.
Finance
Level 1 -- Attendance: 1969 (98,45%) -- Ticket Income 78 760 $
Level 2 -- Attendance: 1000 (100,00%) -- Ticket Income 20 000 $
Total Attendance: 2969 (98,97%)
Total Ticket Income: 98 760 $
Other Income: 4 938 $
Total Income: 103 698 $
Diables
5 vs 5 Forward
Center Left Wing Right Wing Time % Phy DF OF
1 Tyler Bozak Brandon Prust Brad Richardson 40 1 2 2
2 Jamie Arniel Kellan Lain Damien Brunner 30 1 2 2
3 Craig Smith Pierre-Cédric Labrie Steve Quailer 20 1 2 2
4 Riley Sheahan Taylor Beck Tomas Kubalik 10 1 2 2
5 vs 5 Defense
Defense Defense Time % Phy DF OF
1 Jared Cowen Lukas Krajicek 40 1 2 2
2 Matt Jones Tyler Cuma 30 1 2 2
3 Dustin Kohn Tyson Barrie 20 1 2 2
4 Jared Cowen Lukas Krajicek 10 1 2 2
PowerPlay Forward
Center Left Wing Right Wing Time % Phy DF OF
1 Tyler Bozak Brandon Prust Brad Richardson 60 1 2 2
2 Jamie Arniel Kellan Lain Damien Brunner 40 1 2 2
PowerPlay Defense
Defense Defense Time % Phy DF OF
1 Jared Cowen Lukas Krajicek 60 1 2 2
2 Matt Jones Tyler Cuma 40 1 2 2
Penalty Kill 4 Players Forward
Center Wing Time % Phy DF OF
1 Brad Richardson Brandon Prust 60 1 2 2
2 Kellan Lain Damien Brunner 40 1 2 2
Penalty Kill 4 Players Defense
Defense Defense Time % Phy DF OF
1 Jared Cowen Lukas Krajicek 60 1 2 2
2 Matt Jones Tyler Cuma 40 1 2 2
Penalty Kill - 3 Players Forward
Forward Time % Phy DF OF
1 Brad Richardson 60 1 2 2
2 Brandon Prust 40 1 2 2
Penalty Kill - 3 Players Defense
Defense Defense Time % Phy DF OF
1 Jared Cowen Lukas Krajicek 60 1 2 2
2 Matt Jones Tyler Cuma 40 1 2 2
4 vs 4 Forward
Center Wing Time % Phy DF OF
1 Brad Richardson Brandon Prust 60 1 2 2
2 Kellan Lain Damien Brunner 40 1 2 2
4 vs 4 Defense
Defense Defense Time % Phy DF OF
1 Jared Cowen Lukas Krajicek 60 1 2 2
2 Matt Jones Tyler Cuma 40 1 2 2
Last Minutes Offensive
Center Left Wing Right Wing Defense Defense
Tyler Bozak Brandon Prust Brad Richardson Jared Cowen Lukas Krajicek
Last Minutes Defensive
Center Left Wing Right Wing Defense Defense
Tyler Bozak Brandon Prust Brad Richardson Jared Cowen Lukas Krajicek
Goaltenders
Starting : Frederik Andersen
Backup : Marek Mazanek
Extra Forwards
Normal : Steve Quailer, Craig Smith, Pierre-Cédric Labrie - PP : Steve Quailer, Craig Smith - PK : Pierre-Cédric Labrie
Extra Defensemen
Normal : Dustin Kohn, Tyson Barrie, Matt Jones - PP : Dustin Kohn - PK : Tyson Barrie, Matt Jones
Penalty Shots
Brad Richardson, Brandon Prust, Kellan Lain, Damien Brunner, Tyler Bozak
Influenza
5 vs 5 Forward
Center Left Wing Right Wing Time % Phy DF OF
1 Ryan Carter Robbie Earl Ben Smith 40 1 2 2
2 Zac Dalpe Jamie Benn Jeremy Morin 30 1 2 2
3 Andreas Engqvist T.J Galiardi Corey Tropp 20 1 2 2
4 Charlie Coyle Ryan Russell Colin McDonald 10 1 2 2
5 vs 5 Defense
Defense Defense Time % Phy DF OF
1 Noah Welch Mathieu Carle 40 1 2 2
2 John Klingberg Carl Gunnarsson 30 1 2 2
3 Brian Salcido Oskars Bartulis 20 1 2 2
4 Noah Welch Mathieu Carle 10 1 2 2
PowerPlay Forward
Center Left Wing Right Wing Time % Phy DF OF
1 Ryan Carter Robbie Earl Ben Smith 60 1 2 2
2 Zac Dalpe Jamie Benn Jeremy Morin 40 1 2 2
PowerPlay Defense
Defense Defense Time % Phy DF OF
1 Noah Welch Mathieu Carle 60 1 2 2
2 John Klingberg Carl Gunnarsson 40 1 2 2
Penalty Kill 4 Players Forward
Center Wing Time % Phy DF OF
1 Ryan Carter Robbie Earl 60 1 2 2
2 Jamie Benn Ben Smith 40 1 2 2
Penalty Kill 4 Players Defense
Defense Defense Time % Phy DF OF
1 Noah Welch Mathieu Carle 60 1 2 2
2 John Klingberg Carl Gunnarsson 40 1 2 2
Penalty Kill - 3 Players Forward
Forward Time % Phy DF OF
1 Ryan Carter 60 1 2 2
2 Robbie Earl 40 1 2 2
Penalty Kill - 3 Players Defense
Defense Defense Time % Phy DF OF
1 Noah Welch Mathieu Carle 60 1 2 2
2 John Klingberg Carl Gunnarsson 40 1 2 2
4 vs 4 Forward
Center Wing Time % Phy DF OF
1 Ryan Carter Robbie Earl 60 1 2 2
2 Jamie Benn Ben Smith 40 1 2 2
4 vs 4 Defense
Defense Defense Time % Phy DF OF
1 Noah Welch Mathieu Carle 60 1 2 2
2 John Klingberg Carl Gunnarsson 40 1 2 2
Last Minutes Offensive
Center Left Wing Right Wing Defense Defense
Ryan Carter Robbie Earl Ben Smith Noah Welch Mathieu Carle
Last Minutes Defensive
Center Left Wing Right Wing Defense Defense
Ryan Carter Robbie Earl Ben Smith Noah Welch Mathieu Carle
Goaltenders
Starting : Thomas McCollum
Backup : Alex Stalock
Extra Forwards
Normal : T.J Galiardi, Ryan Russell, Corey Tropp - PP : T.J Galiardi, Ryan Russell - PK : Corey Tropp
Extra Defensemen
Normal : Brian Salcido, Oskars Bartulis, John Klingberg - PP : Brian Salcido - PK : Oskars Bartulis, John Klingberg
Penalty Shots
Ryan Carter, Robbie Earl, Jamie Benn, Ben Smith, T.J Galiardi
% Time on Ice - Diables
Lines # - Real PCT - Wanted PCT - Time Play
Normal Forward
1 - 31% - 40% - 12:11
2 - 29% - 30% - 11:20
3 - 22% - 20% - 8:47
4 - 18% - 10% - 6:57
Normal Defense
1 - 42% - 40% - 16:31
2 - 33% - 30% - 12:51
3 - 22% - 20% - 8:36
4 - 3% - 10% - 1:17
PP Forward
1 - 61% - 60% - 8:48
2 - 39% - 40% - 5:40
PP Defense
1 - 51% - 60% - 7:21
2 - 49% - 40% - 7:07
PK Forward
1 - 72% - 60% - 5:15
2 - 28% - 40% - 2:03
PK Defense
1 - 45% - 60% - 3:17
2 - 55% - 40% - 4:01
PK3 Forward
1 - 0% - 60%
2 - 0% - 40%
PK3 Defense
1 - 0% - 60%
2 - 0% - 40%
44 Forward
1 - 89% - 60% - 1:37
2 - 11% - 40% - 0:12
44 Defense
1 - 100% - 60% - 1:49
2 - 0% - 40% - 0:00
Last Minute Offensive - 0:00
Last Minute Defensive - 0:00
Total
Forward - 62:50
Defense - 62:50
|
% Time on Ice - Influenza
Lines # - Real PCT - Wanted PCT - Time Play
Normal Forward
1 - 29% - 40% - 11:30
2 - 28% - 30% - 10:59
3 - 25% - 20% - 9:50
4 - 18% - 10% - 6:56
Normal Defense
1 - 41% - 40% - 16:06
2 - 35% - 30% - 13:50
3 - 24% - 20% - 9:19
4 - 0% - 10% - 0:00
PP Forward
1 - 52% - 60% - 3:46
2 - 48% - 40% - 3:32
PP Defense
1 - 56% - 60% - 4:04
2 - 44% - 40% - 3:14
PK Forward
1 - 67% - 60% - 9:29
2 - 33% - 40% - 4:37
PK Defense
1 - 62% - 60% - 8:43
2 - 38% - 40% - 5:23
PK3 Forward
1 - 100% - 60% - 0:22
2 - 0% - 40% - 0:00
PK3 Defense
1 - 100% - 60% - 0:22
2 - 0% - 40% - 0:00
44 Forward
1 - 86% - 60% - 1:34
2 - 14% - 40% - 0:15
44 Defense
1 - 80% - 60% - 1:27
2 - 20% - 40% - 0:22
Last Minute Offensive - 0:00
Last Minute Defensive - 0:00
Total
Forward - 62:50
Defense - 62:50
|
Play by Play
1st period
0:01 of 1st period - Tyler Bozak wins face-off versus Ryan Carter in neutral zone.
1:11 of 1st period - Wrist shot by Tomas Kubalik.
1:11 of 1st period - Shot Blocked by Carl Gunnarsson.
1:13 of 1st period - Backhand shot by Tyler Cuma.
1:13 of 1st period - Stopped by Thomas McCollum with a rebound.
1:15 of 1st period - Snap shot by Riley Sheahan.
1:15 of 1st period - Stopped by Thomas McCollum without a rebound.
1:16 of 1st period - Brandon Prust wins face-off versus Ryan Carter in Influenza zone.
1:29 of 1st period - Snap shot by Robbie Earl.
1:29 of 1st period - Stopped by Frederik Andersen without a rebound.
1:30 of 1st period - Jamie Arniel wins face-off versus Zac Dalpe in Diables zone.
1:39 of 1st period - Slapshot by Kellan Lain.
1:39 of 1st period - Deflect By Damien Brunner.
1:39 of 1st period - Shot Misses the Net.
1:39 of 1st period - Puck is out of play.
1:40 of 1st period - Zac Dalpe wins face-off versus Jamie Arniel in Influenza zone.
1:40 of 1st period - Zac Dalpe is hit by Damien Brunner.
1:50 of 1st period - Snap shot by Jeremy Morin.
1:50 of 1st period - Shot Blocked by Jared Cowen.
3:01 of 1st period - Snap shot by Zac Dalpe.
3:01 of 1st period - Shot Misses the Net.
3:08 of 1st period - Minor Penalty to Jamie Benn for Hooking.
3:09 of 1st period - Ryan Carter wins face-off versus Tyler Bozak in Influenza zone.
4:04 of 1st period - Steve Quailer is hit by Noah Welch and loses puck.
4:33 of 1st period - Snap shot by Steve Quailer.
4:33 of 1st period - Stopped by Thomas McCollum without a rebound.
4:34 of 1st period - Tyler Bozak wins face-off versus Ryan Carter in Influenza zone.
4:35 of 1st period - Wrist shot by Brad Richardson.
4:35 of 1st period - Deflect By Tyler Bozak.
4:35 of 1st period - Shot Misses the Net.
4:35 of 1st period - Puck is out of play.
4:36 of 1st period - Ryan Carter wins face-off versus Tyler Bozak in Influenza zone.
4:47 of 1st period - Matt Jones is hit by Mathieu Carle and loses puck.
5:08 of 1st period - Penalty to Jamie Benn is over, Jamie Benn is back on ice.
5:10 of 1st period - Wrist shot by Ben Smith.
5:10 of 1st period - Shot Blocked by Tyler Cuma.
5:12 of 1st period - Slapshot by Corey Tropp.
5:12 of 1st period - Shot Blocked by Tyler Cuma.
5:14 of 1st period - Slapshot by Mathieu Carle.
5:14 of 1st period - Stopped by Frederik Andersen without a rebound.
5:15 of 1st period - Andreas Engqvist wins face-off versus Tyler Bozak in Diables zone.
7:03 of 1st period - Snap shot by Steve Quailer.
7:03 of 1st period - Stopped by Thomas McCollum without a rebound.
7:04 of 1st period - Craig Smith wins face-off versus Ryan Carter in Influenza zone.
7:16 of 1st period - Minor Penalty to Brian Salcido for Kneeing.
7:17 of 1st period - Ryan Carter wins face-off versus Jamie Arniel in Influenza zone.
8:04 of 1st period - Carl Gunnarsson is hit by Damien Brunner and loses puck.
9:16 of 1st period - Penalty to Brian Salcido is over, Brian Salcido is back on ice.
9:21 of 1st period - Off-side.
9:22 of 1st period - T.J Galiardi wins face-off versus Riley Sheahan in neutral zone.
9:31 of 1st period - Snap shot by T.J Galiardi.
9:31 of 1st period - Stopped by Frederik Andersen with a rebound.
9:49 of 1st period - Backhand shot by Brad Richardson.
9:49 of 1st period - Stopped by Thomas McCollum with a rebound.
9:51 of 1st period - Snap shot by Brad Richardson.
9:51 of 1st period - Stopped by Thomas McCollum without a rebound.
9:52 of 1st period - Tyler Bozak wins face-off versus Charlie Coyle in Influenza zone.
9:55 of 1st period - Snap shot by Brandon Prust.
9:55 of 1st period - Shot Blocked by Mathieu Carle.
9:57 of 1st period - Slapshot by Jared Cowen.
9:57 of 1st period - Stopped by Thomas McCollum without a rebound.
9:58 of 1st period - Ryan Carter wins face-off versus Tyler Bozak in Influenza zone.
11:02 of 1st period - Riley Sheahan is hit by Corey Tropp and loses puck.
11:11 of 1st period - Slapshot by T.J Galiardi.
11:11 of 1st period - Shot Blocked by Tyler Cuma.
11:13 of 1st period - Snap shot by Corey Tropp.
11:13 of 1st period - Shot Blocked by Matt Jones.
11:15 of 1st period - Wrist shot by Corey Tropp.
11:15 of 1st period - Stopped by Frederik Andersen with a rebound.
11:19 of 1st period - Snap shot by T.J Galiardi.
11:19 of 1st period - Stopped by Frederik Andersen without a rebound.
11:20 of 1st period - Robbie Earl wins face-off versus Tyler Bozak in Diables zone.
11:31 of 1st period - Robbie Earl is hit by Tyler Bozak.
11:45 of 1st period - Kellan Lain is hit by Carl Gunnarsson and loses puck.
11:50 of 1st period - Snap shot by Jamie Benn.
11:50 of 1st period - Stopped by Frederik Andersen with a rebound.
11:52 of 1st period - Snap shot by Zac Dalpe.
11:52 of 1st period - Deflect By Jeremy Morin.
11:52 of 1st period - Influenza goal is going for a video replay.
11:52 of 1st period - The goal is refused. The puck has been kicked using a distinct kicking motion..
11:53 of 1st period - Zac Dalpe wins face-off versus Tyler Bozak in Diables zone.
12:04 of 1st period - Snap shot by Brad Richardson.
12:04 of 1st period - Shot Hit the Post.
12:06 of 1st period - Slapshot by Brad Richardson.
12:06 of 1st period - Shot Misses the Net.
12:08 of 1st period - Slapshot by Jared Cowen.
12:08 of 1st period - Shot Blocked by Brian Salcido.
12:43 of 1st period - Minor Penalty to Craig Smith for Roughing.
12:44 of 1st period - Brad Richardson wins face-off versus Ryan Carter in Diables zone.
13:20 of 1st period - Off-side.
13:21 of 1st period - Kellan Lain wins face-off versus Zac Dalpe in neutral zone.
13:25 of 1st period - Off-side.
13:26 of 1st period - Brad Richardson wins face-off versus Zac Dalpe in neutral zone.
13:29 of 1st period - Snap shot by Brad Richardson.
13:29 of 1st period - Shot Misses the Net.
13:31 of 1st period - Wrist shot by Brad Richardson.
13:31 of 1st period - Shot Blocked by Jamie Benn.
13:53 of 1st period - Snap shot by Jamie Benn.
13:53 of 1st period - Goal by Jamie Benn - Diables : 0 - Influenza : 1.
13:54 of 1st period - Tyler Bozak wins face-off versus Ryan Carter in neutral zone.
14:09 of 1st period - Snap shot by Tyler Bozak.
14:09 of 1st period - Shot Misses the Net.
14:21 of 1st period - Kellan Lain is hit by Jamie Benn and loses puck.
15:03 of 1st period - Dustin Kohn is hit by T.J Galiardi and loses puck.
15:12 of 1st period - Slapshot by Corey Tropp.
15:12 of 1st period - Shot Misses the Net.
15:54 of 1st period - Snap shot by Brandon Prust.
15:54 of 1st period - Stopped by Thomas McCollum without a rebound.
15:55 of 1st period - Ryan Carter wins face-off versus Tyler Bozak in Influenza zone.
16:21 of 1st period - Lukas Krajicek is hit by Jamie Benn and loses puck.
17:06 of 1st period - Corey Tropp is hit by Tomas Kubalik and loses puck.
17:43 of 1st period - Snap shot by Damien Brunner.
17:43 of 1st period - Shot Blocked by Brian Salcido.
17:45 of 1st period - Snap shot by Damien Brunner.
17:45 of 1st period - Goal by Damien Brunner - Diables : 1 - Influenza : 1.
17:46 of 1st period - Tyler Bozak wins face-off versus Ryan Carter in neutral zone.
17:49 of 1st period - Noah Welch is hit by Brandon Prust.
18:00 of 1st period - Icing by Brandon Prust.
18:01 of 1st period - Brad Richardson wins face-off versus Ryan Carter in Diables zone.
18:36 of 1st period - Minor Penalty to Zac Dalpe for Holding.
18:37 of 1st period - Tyler Bozak wins face-off versus Ryan Carter in Influenza zone.
19:06 of 1st period - Slapshot by Ben Smith.
19:06 of 1st period - Goal by Ben Smith - Diables : 1 - Influenza : 2.
19:07 of 1st period - Ryan Carter wins face-off versus Tyler Bozak in neutral zone.
19:53 of 1st period - Double Minor Penalty to Tyler Cuma for Roughing.
19:54 of 1st period - Brad Richardson wins face-off versus Ryan Carter in Diables zone.
19:54 of 1st period - Brad Richardson is hit by Ryan Carter.
Goals for this period are 1 for Diables vs 2 for Influenza.
Shots for this period are 9 for Diables vs 9 for Influenza.
2nd period
0:01 of 2nd period - Ryan Carter wins face-off versus Brad Richardson in neutral zone.
0:36 of 2nd period - Penalty to Zac Dalpe is over, Zac Dalpe is back on ice.
1:16 of 2nd period - Noah Welch is hit by Kellan Lain and loses puck.
3:53 of 2nd period - Penalty to Tyler Cuma is over, Tyler Cuma is back on ice.
4:08 of 2nd period - Slapshot by Tyler Cuma.
4:08 of 2nd period - Stopped by Thomas McCollum with a rebound.
4:12 of 2nd period - Wrist shot by Tomas Kubalik.
4:12 of 2nd period - Stopped by Thomas McCollum with a rebound.
4:26 of 2nd period - Wrist shot by Ryan Russell.
4:26 of 2nd period - Deflect By Colin McDonald.
4:26 of 2nd period - Stopped by Frederik Andersen without a rebound.
4:27 of 2nd period - Charlie Coyle wins face-off versus Damien Brunner in Diables zone.
4:53 of 2nd period - Tyler Bozak is hit by Andreas Engqvist and loses puck.
5:32 of 2nd period - Lukas Krajicek is hit by Ryan Carter.
6:08 of 2nd period - Wrist shot by Damien Brunner.
6:08 of 2nd period - Stopped by Thomas McCollum with a rebound.
6:14 of 2nd period - Slapshot by Noah Welch.
6:14 of 2nd period - Deflect By T.J Galiardi.
6:14 of 2nd period - Shot Hit the Post.
6:14 of 2nd period - Puck is out of play.
6:15 of 2nd period - Damien Brunner wins face-off versus Ryan Carter in Diables zone.
6:23 of 2nd period - Minor Penalty to Robbie Earl for Holding Stick.
6:24 of 2nd period - Ryan Carter wins face-off versus Tyler Bozak in Influenza zone.
6:29 of 2nd period - Icing by Tyler Bozak.
6:30 of 2nd period - Ryan Carter wins face-off versus Brad Richardson in Diables zone.
6:43 of 2nd period - Snap shot by Brad Richardson.
6:43 of 2nd period - Stopped by Thomas McCollum without a rebound.
6:44 of 2nd period - Tyler Bozak wins face-off versus Ryan Carter in Influenza zone.
6:47 of 2nd period - Wrist shot by Brad Richardson.
6:47 of 2nd period - Stopped by Thomas McCollum with a rebound.
6:57 of 2nd period - Snap shot by Tyler Bozak.
6:57 of 2nd period - Stopped by Thomas McCollum without a rebound.
6:58 of 2nd period - Tyler Bozak wins face-off versus Ryan Carter in Influenza zone.
7:05 of 2nd period - Wrist shot by Tyler Bozak.
7:05 of 2nd period - Shot Misses the Net.
7:07 of 2nd period - Wrist shot by Brandon Prust.
7:07 of 2nd period - Shot Misses the Net.
7:09 of 2nd period - Wrist shot by Brandon Prust.
7:09 of 2nd period - Goal by Brandon Prust - Diables : 2 - Influenza : 2.
7:10 of 2nd period - Ryan Carter wins face-off versus Tyler Bozak in neutral zone.
7:43 of 2nd period - Snap shot by Damien Brunner.
7:43 of 2nd period - Shot Misses the Net.
7:45 of 2nd period - Backhand shot by Tyler Cuma.
7:45 of 2nd period - Shot Blocked by T.J Galiardi.
7:49 of 2nd period - Snap shot by Damien Brunner.
7:49 of 2nd period - Stopped by Thomas McCollum with a rebound.
7:59 of 2nd period - Jeremy Morin is hit by Pierre-Cédric Labrie and loses puck.
8:23 of 2nd period - Minor Penalty to Carl Gunnarsson for Hooking.
8:24 of 2nd period - Ryan Carter wins face-off versus Tyler Bozak in Influenza zone.
8:34 of 2nd period - Oskars Bartulis is hit by Tyler Bozak and loses puck.
8:39 of 2nd period - Snap shot by Tyler Bozak.
8:39 of 2nd period - Shot Misses the Net.
8:49 of 2nd period - Robbie Earl is hit by Jamie Arniel and loses puck.
8:54 of 2nd period - Wrist shot by Damien Brunner.
8:54 of 2nd period - Shot Misses the Net.
8:56 of 2nd period - Wrist shot by Kellan Lain.
8:56 of 2nd period - Shot Misses the Net.
8:58 of 2nd period - Slapshot by Tyler Cuma.
8:58 of 2nd period - Shot Blocked by Robbie Earl.
9:15 of 2nd period - Minor Penalty to Kellan Lain for Roughing.
9:16 of 2nd period - Brad Richardson wins face-off versus Ryan Carter in Diables zone.
9:16 of 2nd period - Brad Richardson is hit by Mathieu Carle.
9:26 of 2nd period - Mathieu Carle is hit by Brandon Prust and loses puck.
9:31 of 2nd period - Snap shot by Brad Richardson.
9:31 of 2nd period - Deflect By Brandon Prust.
9:31 of 2nd period - Stopped by Thomas McCollum without a rebound.
9:32 of 2nd period - Brad Richardson wins face-off versus Ryan Carter in Influenza zone.
9:37 of 2nd period - Wrist shot by Brad Richardson.
9:37 of 2nd period - Stopped by Thomas McCollum without a rebound.
9:38 of 2nd period - Brad Richardson wins face-off versus Ryan Carter in Influenza zone.
9:39 of 2nd period - Wrist shot by Brandon Prust.
9:39 of 2nd period - Shot Misses the Net.
9:49 of 2nd period - Backhand shot by Lukas Krajicek.
9:49 of 2nd period - Shot Misses the Net.
10:23 of 2nd period - Penalty to Carl Gunnarsson is over, Carl Gunnarsson is back on ice.
10:39 of 2nd period - Snap shot by Zac Dalpe.
10:39 of 2nd period - Shot Blocked by Matt Jones.
11:15 of 2nd period - Penalty to Kellan Lain is over, Kellan Lain is back on ice.
11:54 of 2nd period - Wrist shot by Craig Smith.
11:54 of 2nd period - Shot Misses the Net.
11:56 of 2nd period - Slapshot by Tyler Cuma.
11:56 of 2nd period - Shot Blocked by T.J Galiardi.
12:08 of 2nd period - Ben Smith is hit by Brad Richardson and loses puck.
12:25 of 2nd period - Wrist shot by Ryan Russell.
12:25 of 2nd period - Stopped by Frederik Andersen with a rebound.
12:57 of 2nd period - Snap shot by Brad Richardson.
12:57 of 2nd period - Shot Blocked by Brian Salcido.
13:29 of 2nd period - Carl Gunnarsson is hit by Jared Cowen and loses puck.
13:46 of 2nd period - Jamie Benn is hit by Pierre-Cédric Labrie and loses puck.
14:11 of 2nd period - Ben Smith is hit by Brad Richardson and loses puck.
14:16 of 2nd period - Wrist shot by Tyler Bozak.
14:16 of 2nd period - Stopped by Thomas McCollum without a rebound.
14:17 of 2nd period - Tyler Bozak wins face-off versus Ryan Carter in Influenza zone.
14:18 of 2nd period - Snap shot by Brandon Prust.
14:18 of 2nd period - Shot Blocked by Robbie Earl.
14:28 of 2nd period - Ryan Carter is hit by Tyler Bozak and loses puck.
14:41 of 2nd period - Ben Smith is hit by Taylor Beck and loses puck.
14:56 of 2nd period - Snap shot by Ben Smith.
14:56 of 2nd period - Stopped by Frederik Andersen with a rebound.
15:10 of 2nd period - Snap shot by Jeremy Morin.
15:10 of 2nd period - Shot Blocked by Kellan Lain.
15:14 of 2nd period - Wrist shot by Zac Dalpe.
15:14 of 2nd period - Stopped by Frederik Andersen with a rebound.
15:16 of 2nd period - Wrist shot by Jamie Benn.
15:16 of 2nd period - Deflect By Jeremy Morin.
15:16 of 2nd period - Goal by Jeremy Morin - Diables : 2 - Influenza : 3.
15:17 of 2nd period - Zac Dalpe wins face-off versus Tyler Bozak in neutral zone.
15:53 of 2nd period - Slapshot by Matt Jones.
15:53 of 2nd period - Shot Misses the Net.
15:55 of 2nd period - Snap shot by Matt Jones.
15:55 of 2nd period - Shot Misses the Net.
15:57 of 2nd period - Slapshot by Tyler Cuma.
15:57 of 2nd period - Stopped by Thomas McCollum with a rebound.
16:03 of 2nd period - Slapshot by Brandon Prust.
16:03 of 2nd period - Stopped by Thomas McCollum with a rebound.
16:05 of 2nd period - Snap shot by Brad Richardson.
16:05 of 2nd period - Deflect By Brandon Prust.
16:05 of 2nd period - Shot Misses the Net.
16:05 of 2nd period - Puck is out of play.
16:06 of 2nd period - Jamie Arniel wins face-off versus Ryan Carter in Influenza zone.
16:11 of 2nd period - Snap shot by Jamie Arniel.
16:11 of 2nd period - Shot Misses the Net.
16:13 of 2nd period - Slapshot by Dustin Kohn.
16:13 of 2nd period - Stopped by Thomas McCollum without a rebound.
16:14 of 2nd period - Jamie Arniel wins face-off versus Ryan Carter in Influenza zone.
16:35 of 2nd period - Minor Penalty to Robbie Earl for Roughing.
16:36 of 2nd period - Ryan Carter wins face-off versus Tyler Bozak in Influenza zone.
16:36 of 2nd period - Ryan Carter is hit by Lukas Krajicek.
18:12 of 2nd period - Minor Penalty to Ryan Russell for Hooking.
18:13 of 2nd period - Ryan Carter wins face-off versus Jamie Arniel in Influenza zone.
18:13 of 2nd period - Ryan Carter is hit by Kellan Lain.
18:35 of 2nd period - Penalty to Robbie Earl is over, Robbie Earl is back on ice.
Goals for this period are 1 for Diables vs 1 for Influenza.
Shots for this period are 14 for Diables vs 5 for Influenza.
3rd period
0:01 of 3rd period - Robbie Earl wins face-off versus Tyler Bozak in neutral zone.
0:12 of 3rd period - Penalty to Ryan Russell is over, Ryan Russell is back on ice.
0:32 of 3rd period - Craig Smith is hit by Ryan Russell and loses puck.
0:59 of 3rd period - Snap shot by Damien Brunner.
0:59 of 3rd period - Stopped by Thomas McCollum with a rebound.
1:20 of 3rd period - Off-side.
1:21 of 3rd period - Tyler Bozak wins face-off versus Zac Dalpe in neutral zone.
1:55 of 3rd period - Snap shot by T.J Galiardi.
1:55 of 3rd period - Stopped by Frederik Andersen with a rebound.
2:13 of 3rd period - Brian Salcido is hit by Lukas Krajicek and loses puck.
2:33 of 3rd period - Double Minor Penalty to Jamie Benn for Boarding.
2:34 of 3rd period - Ryan Carter wins face-off versus Tyler Bozak in Influenza zone.
2:59 of 3rd period - Jared Cowen is hit by Ben Smith and loses puck.
5:34 of 3rd period - Jamie Arniel is hit by Oskars Bartulis.
6:33 of 3rd period - Penalty to Jamie Benn is over, Jamie Benn is back on ice.
6:51 of 3rd period - Oskars Bartulis is hit by Tyler Cuma and loses puck.
7:05 of 3rd period - Tyler Cuma is hit by T.J Galiardi and loses puck.
7:10 of 3rd period - Slapshot by John Klingberg.
7:10 of 3rd period - Stopped by Frederik Andersen with a rebound.
7:20 of 3rd period - Tyler Cuma is hit by Zac Dalpe and loses puck.
7:35 of 3rd period - Jared Cowen is hit by Corey Tropp and loses puck.
10:14 of 3rd period - Icing by Lukas Krajicek.
10:15 of 3rd period - Craig Smith wins face-off versus Zac Dalpe in Diables zone.
10:46 of 3rd period - Damien Brunner is hit by Mathieu Carle and loses puck.
10:51 of 3rd period - Snap shot by Jamie Benn.
10:51 of 3rd period - Goal by Jamie Benn - Diables : 2 - Influenza : 4.
10:52 of 3rd period - Tyler Bozak wins face-off versus Ryan Carter in neutral zone.
11:01 of 3rd period - Wrist shot by Ryan Carter.
11:01 of 3rd period - Stopped by Frederik Andersen with a rebound.
11:03 of 3rd period - Slapshot by Mathieu Carle.
11:03 of 3rd period - Stopped by Frederik Andersen without a rebound.
11:04 of 3rd period - Tyler Bozak wins face-off versus Ryan Carter in Diables zone.
11:04 of 3rd period - Tyler Bozak is hit by Robbie Earl.
11:39 of 3rd period - Wrist shot by Jamie Arniel.
11:39 of 3rd period - Stopped by Thomas McCollum without a rebound.
11:40 of 3rd period - Ryan Carter wins face-off versus Tyler Bozak in Influenza zone.
11:40 of 3rd period - Ryan Carter is hit by Brad Richardson.
11:50 of 3rd period - Wrist shot by Brandon Prust.
11:50 of 3rd period - Shot Misses the Net.
11:52 of 3rd period - Snap shot by Brad Richardson.
11:52 of 3rd period - Stopped by Thomas McCollum with a rebound.
11:54 of 3rd period - Snap shot by Tyler Bozak.
11:54 of 3rd period - Goal by Tyler Bozak - Diables : 3 - Influenza : 4.
11:55 of 3rd period - Tyler Bozak wins face-off versus Ryan Carter in neutral zone.
12:17 of 3rd period - Minor Penalty to Tyler Bozak for Cross-checking.
12:18 of 3rd period - Brad Richardson wins face-off versus Ryan Carter in Diables zone.
12:31 of 3rd period - Snap shot by Robbie Earl.
12:31 of 3rd period - Shot Misses the Net.
12:33 of 3rd period - Wrist shot by Ben Smith.
12:33 of 3rd period - Shot Blocked by Brandon Prust.
12:43 of 3rd period - Brandon Prust is hit by Mathieu Carle.
12:53 of 3rd period - Slapshot by Noah Welch.
12:53 of 3rd period - Shot Misses the Net.
14:17 of 3rd period - Penalty to Tyler Bozak is over, Tyler Bozak is back on ice.
15:15 of 3rd period - Wrist shot by Damien Brunner.
15:15 of 3rd period - Goal by Damien Brunner - Diables : 4 - Influenza : 4.
15:16 of 3rd period - Brad Richardson wins face-off versus Andreas Engqvist in neutral zone.
15:18 of 3rd period - Off-side.
15:19 of 3rd period - Andreas Engqvist wins face-off versus Tyler Bozak in neutral zone.
15:22 of 3rd period - Slapshot by Noah Welch.
15:22 of 3rd period - Stopped by Frederik Andersen with a rebound.
15:24 of 3rd period - Slapshot by T.J Galiardi.
15:24 of 3rd period - Shot Blocked by Jared Cowen.
16:08 of 3rd period - Backhand shot by Ryan Russell.
16:08 of 3rd period - Stopped by Frederik Andersen without a rebound.
16:09 of 3rd period - Tyler Bozak wins face-off versus Charlie Coyle in Diables zone.
16:28 of 3rd period - Snap shot by Colin McDonald.
16:28 of 3rd period - Shot Blocked by Matt Jones.
16:30 of 3rd period - Backhand shot by Carl Gunnarsson.
16:30 of 3rd period - Shot Misses the Net.
16:32 of 3rd period - Slapshot by Carl Gunnarsson.
16:32 of 3rd period - Stopped by Frederik Andersen with a rebound.
16:42 of 3rd period - Slapshot by Colin McDonald.
16:42 of 3rd period - Shot Misses the Net.
16:46 of 3rd period - Wrist shot by Ryan Russell.
16:46 of 3rd period - Stopped by Frederik Andersen with a rebound.
16:48 of 3rd period - Wrist shot by Ryan Russell.
16:48 of 3rd period - Goal by Ryan Russell - Diables : 4 - Influenza : 5.
16:49 of 3rd period - Craig Smith wins face-off versus Andreas Engqvist in neutral zone.
17:21 of 3rd period - Slapshot by John Klingberg.
17:21 of 3rd period - Shot Blocked by Brandon Prust.
17:23 of 3rd period - Wrist shot by Robbie Earl.
17:23 of 3rd period - Shot Misses the Net.
17:41 of 3rd period - Wrist shot by Kellan Lain.
17:41 of 3rd period - Shot Misses the Net.
18:05 of 3rd period - Slapshot by Brian Salcido.
18:05 of 3rd period - Stopped by Frederik Andersen without a rebound.
18:06 of 3rd period - Andreas Engqvist wins face-off versus Craig Smith in Diables zone.
18:11 of 3rd period - Snap shot by T.J Galiardi.
18:11 of 3rd period - Stopped by Frederik Andersen without a rebound.
18:12 of 3rd period - Craig Smith wins face-off versus Andreas Engqvist in Diables zone.
18:17 of 3rd period - Snap shot by Noah Welch.
18:17 of 3rd period - Shot Blocked by Steve Quailer.
18:45 of 3rd period - Diables, Frederik Andersen is pulled from the net.
18:45 of 3rd period - Snap shot by Damien Brunner.
18:45 of 3rd period - Shot Blocked by Mathieu Carle.
18:47 of 3rd period - Slapshot by Jamie Arniel.
18:47 of 3rd period - Goal by Jamie Arniel - Diables : 5 - Influenza : 5.
18:47 of 3rd period - Frederik Andersen from Diables was sent back in the game.
18:48 of 3rd period - Charlie Coyle wins face-off versus Craig Smith in neutral zone.
19:18 of 3rd period - Slapshot by Noah Welch.
19:18 of 3rd period - Shot Misses the Net.
19:20 of 3rd period - Snap shot by T.J Galiardi.
19:20 of 3rd period - Stopped by Frederik Andersen without a rebound.
19:21 of 3rd period - Andreas Engqvist wins face-off versus Jamie Arniel in Diables zone.
19:30 of 3rd period - Snap shot by Damien Brunner.
19:30 of 3rd period - Shot Misses the Net.
19:32 of 3rd period - Slapshot by Tyler Cuma.
19:32 of 3rd period - Shot Blocked by Corey Tropp.
19:34 of 3rd period - Backhand shot by Tyler Cuma.
19:34 of 3rd period - Stopped by Thomas McCollum with a rebound.
19:36 of 3rd period - Snap shot by Kellan Lain.
19:36 of 3rd period - Stopped by Thomas McCollum with a rebound.
19:46 of 3rd period - Ryan Russell is hit by Craig Smith and loses puck.
19:53 of 3rd period - Snap shot by Steve Quailer.
19:53 of 3rd period - Stopped by Thomas McCollum with a rebound.
19:55 of 3rd period - Wrist shot by Pierre-Cédric Labrie.
19:55 of 3rd period - Shot Blocked by Carl Gunnarsson.
Goals for this period are 3 for Diables vs 2 for Influenza.
Shots for this period are 9 for Diables vs 13 for Influenza.
Overtime #1
0:01 of 1st overtime period - Ryan Carter wins face-off versus Tyler Bozak in neutral zone.
0:04 of 1st overtime period - Jared Cowen is hit by Ryan Carter.
2:04 of 1st overtime period - Snap shot by Noah Welch.
2:04 of 1st overtime period - Stopped by Frederik Andersen with a rebound.
2:06 of 1st overtime period - Wrist shot by Andreas Engqvist.
2:06 of 1st overtime period - Shot Blocked by Damien Brunner.
2:08 of 1st overtime period - Slapshot by Mathieu Carle.
2:08 of 1st overtime period - Stopped by Frederik Andersen with a rebound.
2:37 of 1st overtime period - Damien Brunner is hit by Oskars Bartulis and loses puck.
2:48 of 1st overtime period - Slapshot by Damien Brunner.
2:48 of 1st overtime period - Shot Misses the Net.
2:50 of 1st overtime period - Wrist shot by Tyler Bozak.
2:50 of 1st overtime period - Goal by Tyler Bozak - Diables : 6 - Influenza : 5.
Goals for this period are 1 for Diables vs 0 for Influenza.
Shots for this period are 1 for Diables vs 2 for Influenza.
Back to the Top